 Dungeon Crawl Stone Soup version 0.31-a0-1074-g0b22e4e0f1 (webtiles) character file.

Game seed: 8822028873762453388

66 IdlyInterested the Trooper (level 3, -2/29 HPs)
             Began as a Demonspawn Fighter on Dec 6, 2023.
             Succumbed to a kobold's poison
             ... on level 2 of the Dungeon.
             The game lasted 00:05:43 (1654 turns).

IdlyInterested the Trooper (Demonspawn Fighter)     Turns: 1654, Time: 00:05:44

Health: -2/29      AC:  8    Str: 15 (16) XL:     3   Next: 96%
Magic:  3/3        EV:  9    Int:  6 (9)  God:
Gold:   128        SH:  4    Dex: 11 (14) Spells: 2/2 levels left

rFire   + .          .
                       - Unarmed
rCold   + . .        b - +0 buckler
rNeg    . . .        a - +0 scale mail
rPois   .            c - +0 helmet
rElec   .            q - scarf {rC+ rF+}
rCorr   .            s - +0 pair of gloves
SInv    .            (no boots)
Will    .....        (no amulet) Stlth
                     (no ring)
HPRegen 0.24/turn    (no ring)
MPRegen 0.08/turn

%: no passive effects
@: lethally poisoned (-2 -> -26), attractive, hasted, very quick
A: powered by pain 1
a: no special abilities


You were on level 2 of the Dungeon.
You visited 1 branch of the dungeon, and saw 2 of its levels.

You collected 128 gold pieces.

Inventory:

Hand Weapons
 g - a +0 war axe
 h - a +0 quarterstaff
 j - a +0 short sword
 l - a +0 spear
Missiles
 k - 4 stones (quivered)
 o - 2 silver javelins
Armour
 a - a +0 scale mail (worn)
 b - a +0 buckler (worn)
 c - a +0 helmet (worn)
 q - a scarf of resistance (worn)
 s - a +0 pair of gloves (worn)
 u - the +0 robe "Monuc" {Dex+7}
   (You found it on level 2 of the Dungeon)

   Dex+7:     It affects your dexterity (+7).
Scrolls
 f - a scroll of identify {unknown}
 i - a scroll of teleportation {unknown}
 m - a scroll of torment {unknown}
 r - a scroll of vulnerability {unknown}
 v - a scroll of blinking {unknown}
Potions
 e - a potion of degeneration
 p - a potion of heal wounds {unknown}
 t - a potion of berserk rage {unknown}


   Skills:
 - Level 3.0 Fighting
 - Level 1.0 Throwing
 - Level 2.6 Armour
 - Level 1.0 Dodging
 - Level 1.0 Stealth
 - Level 2.6 Shields
 + Level 2.3 Unarmed Combat
 * Level 0.1 Evocations
 * Level 1.6 Shapeshifting


You had 2 spell levels left.
You didn't know any spells.
Your spell library was empty.

Dungeon Overview and Level Annotations

Branches:
Dungeon (2/15)

Altars:


Innate Abilities, Weirdness & Mutations

You sometimes gain a little power by taking damage.


Message History

You hit the kobold but do no damage.
You feel sick. The kobold hits you but does no damage.
You are more poisoned.
You hit the kobold but do no damage.
You feel very sick. You block the kobold's attack.
You barely miss the kobold.
You feel sick.
The kobold hits you with a +1 short sword of venom.
You are more poisoned.
You barely miss the kobold.
You feel very sick.
The frilled lizard unfolds its giant frill.
The kobold hits you but does no damage.
You are lethally poisoned!
It was a potion of degeneration.
There was something very wrong with that liquid.
You feel weakened.
You feel dopey.
You feel clumsy.
You feel very sick. You block the kobold's attack.
It was a potion of attraction.
You feel attractive to monsters.
* * * LOW HITPOINT WARNING * * *
You feel very sick. The kobold hits you but does no damage.
You are more poisoned.
It was a potion of haste.
You feel yourself speed up.
* * * LOW HITPOINT WARNING * * *
You feel very sick. The kobold hits you but does no damage.
You are more poisoned.
Throw: 3 javelins (silver)
Press: ? - help, Shift-Dir - straight line, f - kobold
Aim: a kobold, wielding a +1 short sword of venom and wearing a +0 ring mail (47% to hit)
You throw a silver javelin.
The silver javelin pierces through the kobold.
The kobold is severely wounded.
The silver javelin pierces through the endoplasm!
You kill the endoplasm!
The silver javelin pierces through the frilled lizard!
You kill the frilled lizard!
You die...

.####.#####.# #..#
.#....##....# ##.#
....####)#### #.#
#.#.###..# ###.###
#.#..##.## .......
..##.##.# .......
.###.##[# ....... ##
#.##.############.......
#..#.##..†...@K.....(...
##.#....#########.......
#.#..### .......
#####...### .......
..........# .l.....
###.......# .......
#.......# #######
#.......# #.......#


You could see a kobold.

Vanquished Creatures
  Robin (D:2)
  2 worms (D:2)
  3 dart slugs
  5 ball pythons
  4 endoplasms
  A giant cockroach (D:2)
  6 goblins
  6 hobgoblins
  A quokka (D:1)
  3 bats
  2 frilled lizards
  5 kobolds
  6 rats
45 creatures vanquished.

Notes
Turn   | Place    | Note
-------+----------+-------------------------------------------
     0 | D:1      | IdlyInterested the Demonspawn Fighter began the quest for
                  | the Orb.
     0 | D:1      | Reached XP level 1. HP: 18/18 MP: 1/1
   319 | D:1      | Found a faded altar of an unknown god.
   365 | D:1      | Gained mutation: You sometimes gain a little power by
                  | taking damage. [demonic ancestry]
   365 | D:1      | Reached XP level 2. HP: 24/24 MP: 2/2
   429 | D:1      | Reached skill level 1 in Dodging
   650 | D:1      | Reached skill level 1 in Shapeshifting
  1077 | D:2      | Reached XP level 3. HP: 24/29 MP: 3/3
  1141 | D:2      | Reached skill level 1 in Stealth
  1243 | D:2      | Noticed Robin
  1249 | D:2      | Killed Robin
  1466 | D:2      | Identified the +0 robe "Monuc" {Dex+7}
  1482 | D:2      | Reached skill level 1 in Throwing
  1654 | D:2      | Succumbed to a kobold's poison

Illustrated notes

Levels and vault maps discovered:
D:1:      minmay_arrival_hallway, layout_loops_corners,
          hellmonk_ecumenical_altar_zigzags, serial_glass, glass_columns_a,
          glass_columns_b, feat_on_display, grunt_decor_one_mirror,
          grunt_decor_arrowhead
D:2:      layout_rooms, kennysheep_cross_room, uniq_robin

Skill      XL: |  1  2  3 |
---------------+----------+-----
Unarmed Combat | 2 |  2.3
Dodging        | 1 |  1.0
Shapeshifting  | 1 |  1.6
Stealth        | 1 |  1.0
Throwing       | 1 |  1.0
Fighting       | |  3.0
Armour         | |  2.6
Shields        | |  2.6
Evocations     | |  0.1

Action                     || total
---------------------------++-------
  Melee: Unarmed           ||   177
  Throw: Javelin           ||     1
    Use: Potion            ||     4
 Armour: Scale mail        ||    83
  Dodge: Dodged            ||    68
  Block: Buckler           ||    37

Table legend: (Time is in decaauts)
 A = Elapsed time spent in this place.
 B = Non-inter-level travel time spent in this place.
 C = Inter-level travel time spent in this place.
 D = Time resting spent in this place.
 E = Time spent auto-exploring this place.
 F = Levels seen in this place.
 G = Mean time per level.
                   A        B        C        D        E       F      G
               +--------+--------+--------+--------+--------+-----+--------+
         Total |   1654 |   1620 |     34 |    165 |    954 |   2 |  827.0 |
       Dungeon |   1654 |   1620 |     34 |    165 |    954 |   2 |  827.0 |
               +--------+--------+--------+--------+--------+-----+--------+

Top non-repeatable levels by time:
     D:1: 968 daAuts
     D:2: 686 daAuts
